 Dungeon Crawl Stone Soup version 0.17.0-57-g0e89251 (webtiles) character file.

93 JokEr the Chopper (level 4, -4/58 HPs)
             Began as a Minotaur Berserker on Dec 7, 2015.
             Was a Believer of Trog.
             Slain by bollicks1999's ghost (7 damage)
             ... on level 3 of the Dungeon.
             The game lasted 00:08:09 (2668 turns).

JokEr the Chopper (Minotaur Berserker)              Turns: 2668, Time: 00:08:09

Health: -4/58      AC:  6    Str: 28    XL:     4   Next: 36%
Magic:  3/3        EV: 10    Int:  4    God:    Trog [**....]
Gold:   108        SH:  0    Dex:  9    Spells: 0 memorised, 3 levels left

rFire  . . .     SeeInvis .     a - +0 hand axe
rCold  . . .     Clarity  +     n - +0 scale mail
rNeg   . . .     SustAt   .     (no shield)
rPois  .         Gourm    .     (helmet restricted)
rElec  .         Spirit   .     (no cloak)
rCorr  .         Warding  .     (no gloves)
rMut   .         Stasis   .     (no boots)
MR     .....                    p - amulet of clarity
Stlth  ..........               (no ring)
                                (no ring)

@: berserking (expiring), very quick, not resistant to hostile enchantments,
extremely unstealthy
A: retaliatory headbutt, horns 2
a: Berserk, Trog's Hand, Burn Spellbooks, Renounce Religion


You were on level 3 of the Dungeon.
You worshipped Trog.
Trog was pleased with you.
You were full.

You visited 1 branch of the dungeon, and saw 3 of its levels.

You collected 108 gold pieces.

Inventory:

Hand Weapons
 a - a +0 hand axe (weapon)
Armour
 b - a +0 animal skin
 n - a +0 scale mail (worn)
Jewellery
 p - an amulet of clarity (around neck)
Scrolls
 d - a scroll of remove curse
 h - a scroll of identify
 i - a scroll of noise
Potions
 e - a potion of curing
 f - a potion of flight {unknown}
 g - 2 potions of invisibility {unknown}
 j - 2 potions of heal wounds {unknown}
Comestibles
 k - 2 meat rations
 l - 5 fruits
 o - 2 bread rations


   Skills:
 - Level 3.6 Fighting
 + Level 6.3 Axes
 - Level 2.4 Armour
 - Level 2.1 Dodging


You had 3 spell levels left.
You didn't know any spells.

Dungeon Overview and Level Annotations

Branches:
Dungeon (3/15)

Altars:
Ashenzari
Nemelex Xobeh

Annotations:
D:3 bollicks1999's ghost, weakling MiFi


Innate Abilities, Weirdness & Mutations

You reflexively headbutt those who attack you in melee.
You have a pair of horns on your head.


Message History

Bollicks1999's ghost hits you!
* * * LOW HITPOINT WARNING * * *
You hit bollicks1999's ghost but do no damage.
Bollicks1999's ghost is lightly damaged.
Bollicks1999's ghost hits you!
* * * LOW HITPOINT WARNING * * *
You are too berserk!
You closely miss bollicks1999's ghost.
Bollicks1999's ghost is lightly damaged.
You are too berserk!
You slash bollicks1999's ghost!
Bollicks1999's ghost is heavily damaged.
Bollicks1999's ghost closely misses you.
You slash bollicks1999's ghost!
Bollicks1999's ghost is severely damaged.
You hit bollicks1999's ghost.
Your headbutt misses bollicks1999's ghost.
Bollicks1999's ghost is almost destroyed.
Bollicks1999's ghost hits you!
You die...

#.....# #.##..# # #.(#
...#.##..# .......(.#
#######'#.#.##.####
#.................#
#.#####........##.#
####...@W..........#.#
########...............##.#.#
#.....##.###.........>....#.#
#.....##.###..............#.#
#.....##[.................#.#
#.........................#.#
####'####.................#.#
#.# #.................#.#
#####.# #..........†...##.#.#


You could see bollicks1999's ghost.

Vanquished Creatures
  3 adders (D:2)
  An ooze (D:2)
  2 giant geckos
  6 orcs
  3 giant cockroaches
  7 hobgoblins
  3 jackals (D:2)
  7 kobolds
  2 ball pythons
  7 bats
  A giant newt (D:1)
  6 goblins
  5 rats
53 creatures vanquished.

Notes
Turn   | Place    | Note
--------------------------------------------------------------
     0 | D:1      | JokEr the Minotaur Berserker began the quest for the Orb.
     0 | D:1      | Reached XP level 1. HP: 19/19 MP: 0/0
   247 | D:1      | Reached skill level 4 in Axes
   333 | D:1      | Reached XP level 2. HP: 26/26 MP: 1/1
  1023 | D:2      | Found a sparkling altar of Nemelex Xobeh.
  1032 | D:2      | Reached skill level 5 in Axes
  1032 | D:2      | Reached XP level 3. HP: 10/31 MP: 2/2
  1401 | D:2      | Found a shattered altar of Ashenzari.
  1534 | D:2      | Reached ** piety under Trog
  2054 | D:2      | Reached XP level 4. HP: 31/39 MP: 3/3
  2224 | D:2      | Reached skill level 6 in Axes
  2654 | D:3      | Noticed bollicks1999's ghost (weakling MiFi)
  2664 | D:3      | HP: 2/58 [bollicks1999's ghost (12)]
  2668 | D:3      | Slain by bollicks1999's ghost

Action                   |  1- 3 |  4- 6 || total
-------------------------+-------+-------++-------
Melee: Hand axe          |    78 |    45 ||   123
Invok: Burn Spellbooks   |       |     1 ||     1
       Berserk           |       |     1 ||     1
  Use: Scroll            |     5 |     3 ||     8
       Potion            |     1 |       ||     1
  Eat: Meat ration       |     2 |       ||     2
       Bread ration      |     1 |       ||     1
